 Dungeon Sprint DCSS version 0.17-a0-1718-g72dbe4d (webtiles) character file.

11599 ztt the Warrior (level 11, 0/116 HPs)
             Began as a Minotaur Fighter on Aug 26, 2015.
             Was a High Priest of Okawaru.
             Slain by an orc warrior
             ... wielding a +0 halberd
              (12 damage)
             ... in the Dungeon (Sprint IX: "|||||||||||||||||||||||||||||").
             The game lasted 00:07:31 (3722 turns).

ztt the Warrior (Minotaur Fighter)                  Turns: 3722, Time: 00:07:31

Health: 0/116      AC: 22    Str: 26    XL:     11   Next: 51%
Magic:  13/13      EV: 14    Int:  5    God:    Okawaru [*****.]
Gold:   1680       SH:  0    Dex: 11    Spells: 0 memorised, 10 levels left

rFire  . . .     SeeInvis .     y - +3 war axe (freeze)
rCold  . . .     Clarity  .     C - +0 plate armour
rNeg   . . .     SustAt   .     (no shield)
rPois  .         Gourm    .     (helmet restricted)
rElec  .         Spirit   .     e - +0 cloak
rCorr  .         Warding  .     q - +0 pair of gloves
rMut   .         NoTele   +     v - +1 pair of boots {Fly}
MR     .....                    (no amulet)
Stlth  ..........               t - +3 ring of strength
                                s - +2 ring of evasion

@: flying, not resistant to hostile enchantments, extremely unstealthy
A: retaliatory headbutt, horns 2
a: Heroism, Finesse, Renounce Religion, Stop Flying


You were in the Dungeon.
You worshipped Okawaru.
Okawaru was extremely pleased with you.
You were hungry.

You visited 1 branch You collected 1680 gold pieces.

Inventory:

Hand weapons
 a - a +0 war axe
 p - a +1 broad axe of distortion
 x - a +2 dire flail of crushing
 y - a +3 war axe of freezing (weapon)
Armour
 e - a +0 cloak (worn)
 q - a +0 pair of gloves (worn)
 v - a +1 pair of boots of flying (worn)
 C - a +0 plate armour (worn)
Jewellery
 s - a +2 ring of evasion (left hand)
 t - a +3 ring of strength (right hand)
Magical devices
 o - a wand of fire (1)
Scrolls
 k - 2 scrolls of blinking
 m - 3 scrolls of remove curse
 n - 3 scrolls of amnesia
 r - 3 scrolls of identify
 w - 6 scrolls of enchant armour
Potions
 d - a potion of might
 f - 6 potions of curing
 g - 6 potions of heal wounds
 h - a potion of haste
 i - 4 potions of magic
 j - a potion of berserk rage
 l - a potion of invisibility
 u - a potion of brilliance
Comestibles
 z - 40 fruits
 A - 11 bread rations
 B - 12 meat rations


   Skills:
 + Level 16.9 Fighting
 + Level 14.4(15.4) Axes
 + Level 10.0(13.3) Maces & Flails
 + Level 15.0 Armour
 + Level 11.4 Dodging
 + Level 3.6 Stealth
   Level 11.8 Shields
 + Level 4.4 Invocations
 + Level 3.3 Evocations


You had 10 spell levels left.
You didn't know any spells.

Dungeon Overview and Level Annotations

Branches:
Dungeon (1/1)

Altars:
Cheibriados
Dithmenos
Elyvilon
Fedhas
Gozag
Kikubaaqudgha
Makhleb
Nemelex Xobeh
Okawaru
Qazlal
Ru
Sif Muna
Trog
Vehumet
Xom
Yredelemnul
Zin
The Shining One
Beogh
Jiyva
Lugonu

Shops:
D ?**(


Innate Abilities, Weirdness & Mutations

You reflexively headbutt those who attack you in melee.
You have a pair of horns on your head.


Message History

You slice the orc knight!! You freeze the orc knight.
You kill the orc knight!
Okawaru is honoured by your kill.
Your Armour skill increases to level 15!
The orc warrior misses you.
The orc warrior hits you but does no damage.
Items here: $ ( )))) [[[ You hit the orc warrior but do no damage.
The orc warrior closely misses you.
You hit the orc warrior but do no damage.
The orc warrior hits you from afar with a halberd!
* * * LOW HITPOINT WARNING * * *
You hit the orc warrior but do no damage.
You headbutt the orc warrior, but do no damage.
The orc warrior misses you.
The orc warrior hits you from afar with a halberd.
* * * LOW HITPOINT WARNING * * *
Your plate armour prevents you from hitting the orc warrior.
The orc warrior hits you with a halberd!
You die...

▓▓▓▓▓▓▓▓▓▓▓▓▓▓▓▓▓▓▓▓▓▓
..())....∩.∩.∩.∩@oo..+
▓▓▓▓▓▓▓▓▓▓▓▓▓▓▓▓▓▓▓▓▓▓▓▓▓▓▓▓▓▓▓▓
....).......))).)..............▓
▓▓▓▓▓▓▓▓▓▓▓▓▓▓▓▓▓▓▓▓▓▓▓▓▓▓▓▓▓▓.▓
....'..........).'..[.[[..'....▓
▓▓▓▓▓▓▓▓▓▓▓▓▓▓▓▓▓▓▓▓▓▓▓▓▓▓▓▓▓▓▓▓
..........)....................▓
▓▓▓▓▓▓▓▓▓▓▓▓▓▓▓▓▓▓▓▓▓▓▓▓▓▓▓▓▓▓.▓
__'..|)..[..'......().....'....▓


You could see 2 orc warriors.

Vanquished Creatures
  3 hydras (D)
  An orc high priest (D)
  9 orc knights (D)
  Maurice (D)
  3 komodo dragons (D)
  5 polar bears (D)
  A blink frog (D)
  2 hippogriffs (D)
  2 spatial vortices (D)
  2 water moccasins (D)
  4 black bears (D)
  8 orc warriors (D)
  A phantom (D)
  4 porcupines (D)
  2 crocodiles (D)
  An ogre (D)
  A wight (D)
  2 crimson imps (D)
  9 orc priests (D)
  A worker ant (D)
  3 orc wizards (D)
  2 adder skeletons (D)
  2 adder zombies (D)
  6 orcs (D)
  A ball python (D)
  A bat (D)
  A bat skeleton (D)
  2 bat zombies (D)
  A goblin (D)
  2 hobgoblins (D)
  A giant gecko skeleton (D)
84 creatures vanquished.

Notes
Turn   | Place    | Note
--------------------------------------------------------------
     0 | D        | ztt the Minotaur Fighter began the quest for the Orb.
     0 | D        | Reached XP level 1. HP: 19/19 MP: 0/0
     5 | D        | Reached skill level 4 in Armour
    41 | D        | Noticed an ogre
    44 | D        | Killed an ogre
    44 | D        | Reached skill level 6 in Fighting
    44 | D        | Reached skill level 1 in Dodging
    44 | D        | Reached XP level 2. HP: 16/31 MP: 1/1
    44 | D        | Reached XP level 3. HP: 19/38 MP: 2/2
    44 | D        | Reached XP level 4. HP: 22/45 MP: 3/3
   212 | D        | Found a glowing silver altar of Zin.
   212 | D        | Found a glowing golden altar of the Shining One.
   212 | D        | Found an ancient bone altar of Kikubaaqudgha.
   212 | D        | Found a basalt altar of Yredelemnul.
   212 | D        | Found a shimmering altar of Xom.
   212 | D        | Found a radiant altar of Vehumet.
   213 | D        | Found an iron altar of Okawaru.
   214 | D        | Found a burning altar of Makhleb.
   215 | D        | Found a deep blue altar of Sif Muna.
   216 | D        | Found a bloodstained altar of Trog.
   217 | D        | Found a sparkling altar of Nemelex Xobeh.
   218 | D        | Found a white marble altar of Elyvilon.
   219 | D        | Found a roughly hewn altar of Beogh.
   220 | D        | Found a viscous altar of Jiyva.
   221 | D        | Found a corrupted altar of Lugonu.
   223 | D        | Became a worshipper of Warmaster Okawaru
   225 | D        | Found a blossoming altar of Fedhas.
   226 | D        | Found a snail-covered altar of Cheibriados.
   227 | D        | Found a shadowy altar of Dithmenos.
   228 | D        | Found a stormy altar of Qazlal.
   229 | D        | Found an opulent altar of Gozag.
   230 | D        | Found a sacrificial altar of Ru.
   266 | D        | Noticed a worker ant
   266 | D        | Noticed a crimson imp
   266 | D        | Noticed an ogre
   269 | D        | Killed a worker ant
   269 | D        | Reached skill level 7 in Fighting
   272 | D        | Killed a crimson imp
   272 | D        | Reached skill level 5 in Axes
   272 | D        | Reached XP level 5. HP: 47/52 MP: 4/4
   304 | D        | Noticed a crimson imp
   304 | D        | Noticed a wyvern
   304 | D        | Noticed a wight
   304 | D        | Noticed a cyclops
   304 | D        | Noticed a phantom
   306 | D        | Killed a crimson imp
   306 | D        | Reached skill level 8 in Fighting
   309 | D        | Killed a wight
   309 | D        | Acquired Okawaru's first power
   325 | D        | Killed a phantom
   325 | D        | Reached skill level 9 in Fighting
   325 | D        | Reached XP level 6. HP: 6/63 MP: 5/5
   769 | D        | Noticed a crocodile
   769 | D        | Noticed a water moccasin
   769 | D        | Noticed a hippogriff
   769 | D        | Noticed a komodo dragon
   769 | D        | Noticed a komodo dragon
   769 | D        | Noticed a water moccasin
   771 | D        | Killed a crocodile
   773 | D        | Noticed a porcupine
   778 | D        | Killed a water moccasin
   778 | D        | Reached skill level 10 in Fighting
   778 | D        | Reached skill level 10 in Armour
   778 | D        | Reached XP level 7. HP: 61/72 MP: 6/6
   779 | D        | Killed a hippogriff
   782 | D        | Killed a komodo dragon
   782 | D        | Reached skill level 11 in Fighting
   782 | D        | Reached skill level 5 in Dodging
   782 | D        | Reached skill level 10 in Shields
   786 | D        | Killed a komodo dragon
   786 | D        | Reached XP level 8. HP: 67/82 MP: 7/7
   790 | D        | Killed a porcupine
   792 | D        | Killed a water moccasin
   924 | D        | Noticed a six-headed hydra
   925 | D        | Noticed a six-headed hydra
   936 | D        | Killed a six-headed hydra
   936 | D        | Reached skill level 12 in Fighting
   936 | D        | Reached skill level 10 in Axes
   936 | D        | Reached skill level 1 in Evocations
   936 | D        | Reached XP level 9. HP: 88/91 MP: 8/8
  1133 | D        | Killed a six-headed hydra
  1133 | D        | Acquired Okawaru's second power
  1133 | D        | Reached skill level 13 in Fighting
  1133 | D        | Reached skill level 1 in Stealth
  1246 | D        | Noticed a black bear
  1246 | D        | Noticed a porcupine
  1246 | D        | Noticed an eight-headed hydra
  1246 | D        | Noticed a blink frog
  1246 | D        | Noticed a komodo dragon
  1246 | D        | Noticed a porcupine
  1248 | D        | Killed a black bear
  1251 | D        | Noticed a porcupine
  1254 | D        | Killed an eight-headed hydra
  1254 | D        | Reached skill level 1 in Invocations
  1255 | D        | Killed a porcupine
  1258 | D        | Killed a blink frog
  1258 | D        | Received a gift from Okawaru
  1279 | D        | Killed a komodo dragon
  1279 | D        | Reached skill level 14 in Fighting
  1279 | D        | Reached XP level 10. HP: 31/103 MP: 11/11
  1290 | D        | Killed a porcupine
  1291 | D        | Killed a porcupine
  1673 | D        | Noticed a crocodile
  1674 | D        | Noticed a hippogriff
  1679 | D        | Killed a crocodile
  1683 | D        | Killed a hippogriff
  1689 | D        | Noticed a polar bear
  1689 | D        | Noticed a black bear
  1689 | D        | Noticed a polar bear
  1689 | D        | Noticed a polar bear
  1689 | D        | Noticed a polar bear
  1689 | D        | Noticed a black bear
  1690 | D        | Noticed a polar bear
  1692 | D        | Killed a polar bear
  1692 | D        | Reached skill level 5 in Maces & Flails
  1700 | D        | Killed a polar bear
  1700 | D        | Reached skill level 10 in Dodging
  1706 | D        | Noticed a black bear
  1706 | D        | Killed a polar bear
  1711 | D        | Killed a polar bear
  1716 | D        | Killed a polar bear
  1718 | D        | Killed a black bear
  1723 | D        | Killed a black bear
  1725 | D        | Killed a black bear
  1935 | D        | Noticed Maurice
  1956 | D        | Killed Maurice
  1956 | D        | Reached skill level 15 in Fighting
  2109 | D        | Noticed an orc priest
  2109 | D        | Noticed an orc priest
  2109 | D        | Noticed an orc priest
  2109 | D        | Noticed an orc priest
  2109 | D        | Noticed an orc priest
  2110 | D        | Killed an orc priest
  2111 | D        | Noticed an orc priest
  2114 | D        | Killed an orc priest
  2115 | D        | Noticed an orc wizard
  2116 | D        | Killed an orc priest
  2117 | D        | Noticed an orc wizard
  2118 | D        | Killed an orc priest
  2119 | D        | Noticed an orc wizard
  2120 | D        | Killed an orc priest
  2124 | D        | Noticed an orc priest
  2125 | D        | Killed an orc priest
  2125 | D        | Received a gift from Okawaru
  2126 | D        | Killed an orc wizard
  2128 | D        | Killed an orc wizard
  2134 | D        | Killed an orc priest
  2135 | D        | Killed an orc wizard
  2438 | D        | Noticed an orc knight
  2438 | D        | Noticed an orc knight
  2438 | D        | Noticed an orc priest
  2438 | D        | Noticed an orc warrior
  2438 | D        | Noticed an orc warrior
  2440 | D        | Noticed an orc warrior
  2452 | D        | HP: 5/105 [orc knight/glaive (16)]
  2670 | D        | Killed an orc knight
  2971 | D        | Killed an orc priest
  2998 | D        | Killed an orc warrior
  3008 | D        | Killed an orc warrior
  3066 | D        | Killed an orc knight
  3103 | D        | Killed an orc warrior
  3170 | D        | Noticed an orc priest
  3172 | D        | Killed an orc priest
  3185 | D        | Noticed an orc warrior
  3189 | D        | Killed an orc warrior
  3210 | D        | Noticed an orc high priest
  3218 | D        | Killed an orc high priest
  3218 | D        | Reached XP level 11. HP: 86/114 MP: 12/12
  3239 | D        | Found Pogriby's Magic Scroll Emporium.
  3239 | D        | Noticed an orc warrior
  3239 | D        | Noticed an orc warrior
  3239 | D        | Noticed an orc knight
  3239 | D        | Noticed an orc warrior
  3239 | D        | Noticed an orc knight
  3241 | D        | Noticed an orc knight
  3242 | D        | Killed an orc warrior
  3243 | D        | Noticed an orc knight
  3246 | D        | Killed an orc knight
  3246 | D        | Reached skill level 16 in Fighting
  3277 | D        | Killed an orc knight
  3277 | D        | Reached skill level 10 in Maces & Flails
  3365 | D        | Killed an orc knight
  3371 | D        | Killed an orc knight
  3384 | D        | Killed an orc warrior
  3640 | D        | Killed an orc warrior
  3648 | D        | Noticed an orc warrior
  3656 | D        | Killed an orc warrior
  3670 | D        | Found Bihadd's General Store.
  3674 | D        | Found Jothuer's General Store.
  3678 | D        | Found Beym's Weapon Shoppe.
  3680 | D        | Noticed an orc knight
  3681 | D        | Noticed an orc knight
  3682 | D        | Noticed an orc knight
  3683 | D        | Noticed an orc warrior
  3684 | D        | Noticed an orc warrior
  3696 | D        | Killed an orc knight
  3706 | D        | Killed an orc knight
  3717 | D        | Killed an orc knight
  3717 | D        | Reached skill level 15 in Armour
  3722 | D        | Slain by an orc warrior

Vault maps used:
D:        linesprint

Action                   |  1- 3 |  4- 6 |  7- 9 | 10-12 || total
-------------------------+-------+-------+-------+-------++-------
Melee: War axe           |    10 |    12 |       |   148 ||   170
       Broad axe         |       |    28 |    14 |       ||    42
       Dire flail        |       |       |    28 |    81 ||   109
Invok: Heroism           |       |       |     1 |     2 ||     3
       Finesse           |       |       |       |     1 ||     1
Evoke: Wand              |       |       |     5 |       ||     5
  Use: Potion            |       |       |       |     3 ||     3
       Scroll            |       |       |       |     1 ||     1
  Eat: Bread ration      |       |       |     1 |     1 ||     2
